TOP OF THE 1ST |
Belvedere Park Rawhides batting - Pitching for Atlantic City Sonics : RHP José Cabrera
|
Pitching: RHP José Cabrera
|
|
Batting: RHB Marshall Lamar
|
0-0: Ball 1-0: Ground out 6-3 (Groundball, 6)
|
Batting: SHB Eduardo Pampin
|
0-0: Ball 1-0: Ball 2-0: Ball 3-0: Called Strike 3-1: Called Strike 3-2: Base on Balls
|
Batting: LHB José Pérez
|
0-0: Called Strike 0-1: Ball 1-1: Foul Ball, location: 2F 1-2: Strikes out swinging
|
Batting: RHB Scott Robertson
|
0-0: Ball 1-0: Ball 2-0: Swinging Strike 2-1: Foul Ball, location: 2F 2-2: Strikes out looking
|
Top of the 1st over - 0 run(s), 0 hit(s), 0 error(s), 1 left on base; Belvedere Park 0 - Atlantic City 0 |
BOTTOM OF THE 1ST |
Atlantic City Sonics batting - Pitching for Belvedere Park Rawhides : LHP Antenor Elizalde
|
Pitching: LHP Antenor Elizalde
|
|
Batting: RHB José López
|
0-0: Ground out 6-3 (Groundball, 6S)
|
Batting: LHB Todd Blankenburg
|
0-0: Foul Ball, location: 2F 0-1: Ball 1-1: Foul Ball, location: 2F 1-2: Ball 2-2: TRIPLE (Line Drive, 9D)
|
Pinch Runner at 3rd Cristián Alfonso:
|
|
Batting: RHB Brady Bess
|
0-0: Ball 1-0: Reached on error, E8 (Flyball, 8RM) Cristián Alfonso scores
|
Batting: RHB Nelson Torez
|
0-0: Called Strike 0-1: Foul Ball, location: 2F 0-2: Ball 1-2: Strikes out looking
|
Batting: RHB Thurman Blumer
|
0-0: Fielders Choice at 2nd, 6-4 (Groundball, 6)
|
Bottom of the 1st over - 1 run(s), 1 hit(s), 1 error(s), 0 left on base; Belvedere Park 0 - Atlantic City 1 |
TOP OF THE 2ND |
Belvedere Park Rawhides batting - Pitching for Atlantic City Sonics : RHP José Cabrera
|
Now in LF: Cristián Alfonso
|
|
Batting: RHB José Pérez
|
0-0: Ball 1-0: Called Strike 1-1: Ball 2-1: Ground out 5-3 (Groundball, 5L)
|
Batting: RHB Kenny Fleming
|
0-0: Ground out 5-3 (Groundball, 5)
|
Batting: RHB Warren Willis
|
0-0: Called Strike 0-1: Foul Ball, location: 2F 0-2: Ball 1-2: Ball 2-2: SINGLE (Groundball, 4D)
|
Batting: LHB Dan O'Day
|
0-0: Called Strike 0-1: Foul Ball, location: 2F 0-2: Ball 1-2: DOUBLE (Flyball, 8LD) Warren Willis to third Runner from 3rd tries for Home, SAFE, no throw
|
Batting: RHB Charles Rowell
|
0-0: Ground out 5-3 (Groundball, 5L)
|
Top of the 2nd over - 1 run(s), 2 hit(s), 0 error(s), 1 left on base; Belvedere Park 1 - Atlantic City 1 |
BOTTOM OF THE 2ND |
Atlantic City Sonics batting - Pitching for Belvedere Park Rawhides : LHP Antenor Elizalde
|
Batting: RHB Julián García
|
0-0: Foul Ball, location: 2F 0-1: Ball 1-1: Foul Ball, location: 2F 1-2: Ball 2-2: Foul Ball, location: 2F 2-2: Foul Ball, location: 2F 2-2: Fly out, F5 (Popup, 5D)
|
Batting: RHB Senior Pond
|
0-0: Ball 1-0: Ball 2-0: Called Strike 2-1: Foul Ball, location: 2F 2-2: Ball 3-2: Foul Ball, location: 2F 3-2: Foul Ball, location: 2F 3-2: Strikes out swinging
|
Batting: RHB Damon Grinter
|
0-0: Called Strike 0-1: Ground out 4-3 (Groundball, 4S)
|
Bottom of the 2nd over - 0 run(s), 0 hit(s), 0 error(s), 0 left on base; Belvedere Park 1 - Atlantic City 1 |
TOP OF THE 3RD |
Belvedere Park Rawhides batting - Pitching for Atlantic City Sonics : RHP José Cabrera
|
Batting: RHB Marshall Lamar
|
0-0: Called Strike 0-1: Ball 1-1: Called Strike 1-2: Ball 2-2: SINGLE (Groundball, 56D)
|
Batting: SHB Eduardo Pampin
|
0-0: Called Strike Marshall Lamar is caught stealing 2nd base 0-1: Foul Ball, location: 2F 0-2: Ball 1-2: Fly out, F7 (Flyball, 7D)
|
Batting: LHB José Pérez
|
0-0: Called Strike 0-1: Swinging Strike 0-2: Foul Ball, location: 2F 0-2: Ball 1-2: Strikes out swinging
|
Top of the 3rd over - 0 run(s), 1 hit(s), 0 error(s), 0 left on base; Belvedere Park 1 - Atlantic City 1 |
TOP OF THE 4TH |
Belvedere Park Rawhides batting - Pitching for Atlantic City Sonics : RHP José Cabrera
|
Batting: RHB Scott Robertson
|
0-0: Called Strike 0-1: Ball 1-1: Foul Ball, location: 2F 1-2: Strikes out swinging
|
Batting: RHB José Pérez
|
0-0: Foul Ball, location: 2F 0-1: SINGLE (Line Drive, 56D)
|
Batting: RHB Kenny Fleming
|
0-0: Ball 1-0: Ball 2-0: Reached on error, E5 (Groundball, 5L) José Pérez to second
|
Batting: RHB Warren Willis
|
0-0: Ball 1-0: Fielders Choice at 2nd, 4-6 (Groundball, 4) José Pérez to third
|
Batting: LHB Dan O'Day
|
0-0: Ball 1-0: Foul Ball, location: 2F 1-1: Foul Ball, location: 2F 1-2: 3-RUN HOME RUN (Flyball, 9LD), Distance : 348 ft
|
Batting: RHB Charles Rowell
|
0-0: Called Strike 0-1: Ball 1-1: Ball 2-1: Ball 3-1: SINGLE (Flyball, 6MD)
|
Batting: RHB Marshall Lamar
|
0-0: Ball 1-0: Swinging Strike 1-1: Fly out, F8 (Flyball, 89D)
|
Top of the 4th over - 3 run(s), 3 hit(s), 1 error(s), 1 left on base; Belvedere Park 4 - Atlantic City 3 |
BOTTOM OF THE 4TH |
Atlantic City Sonics batting - Pitching for Belvedere Park Rawhides : LHP Antenor Elizalde
|
Batting: RHB Julián García
|
0-0: Ball 1-0: Foul Ball, location: 2F 1-1: Foul Ball, location: 2F 1-2: Ball 2-2: Ball 3-2: Fly out, F9 (Flyball, 9)
|
Batting: RHB Senior Pond
|
0-0: Foul Ball, location: 2F 0-1: Ball 1-1: Ball 2-1: Ball 3-1: Foul Ball, location: 2F 3-2: Foul Ball, location: 2F 3-2: Strikes out swinging
|
Batting: RHB Damon Grinter
|
0-0: Called Strike 0-1: Foul Ball, location: 2F 0-2: Foul Ball, location: 2F 0-2: Strikes out swinging
|
Bottom of the 4th over - 0 run(s), 0 hit(s), 0 error(s), 0 left on base; Belvedere Park 4 - Atlantic City 3 |
TOP OF THE 5TH |
Belvedere Park Rawhides batting - Pitching for Atlantic City Sonics : RHP José Cabrera
|
Batting: SHB Eduardo Pampin
|
0-0: Ball 1-0: Foul Ball, location: 2F 1-1: Ball 2-1: Fly out, F7 (Flyball, 78S)
|
Batting: LHB José Pérez
|
0-0: Ball 1-0: Ball 2-0: Foul Ball, location: 2F 2-1: Called Strike 2-2: Hit by Pitch
|
Batting: RHB Scott Robertson
|
0-0: Ball 1-0: Ball 2-0: DOUBLE (Line Drive, 7LM) José Pérez to third
|
Batting: RHB José Pérez
|
0-0: Foul Ball, location: 2F 0-1: Foul Ball, location: 2F 0-2: Strikes out looking
|
Batting: RHB Kenny Fleming
|
0-0: Ball 1-0: Ball 2-0: Called Strike 2-1: Ball 3-1: Base on Balls
|
Batting: RHB Warren Willis
|
0-0: Called Strike 0-1: Ball 1-1: Fly out, F8 (Flyball, 8RM)
|
Top of the 5th over - 0 run(s), 1 hit(s), 0 error(s), 3 left on base; Belvedere Park 4 - Atlantic City 3 |
BOTTOM OF THE 5TH |
Atlantic City Sonics batting - Pitching for Belvedere Park Rawhides : LHP Antenor Elizalde
|
Batting: SHB Phil Moore
|
0-0: SINGLE (Line Drive, 4M)
|
Batting: RHB José López
|
0-0: Bunt missed! 0-1: Sac Bunt - play at first, batter OUT! 1-4 Phil Moore to second
|
Batting: RHB Cristián Alfonso
|
0-0: Ball 1-0: Ball 2-0: Ball 3-0: Base on Balls
|
Batting: RHB Brady Bess
|
0-0: Called Strike Phil Moore steals 3rd base Cristián Alfonso to second 0-1: Ball 1-1: Called Strike 1-2: Strikes out swinging
|
Batting: RHB Nelson Torez
|
0-0: Ball 1-0: Called Strike 1-1: Ball 2-1: Ball 3-1: Foul Ball, location: 2F 3-2: Base on Balls
|
Batting: RHB Thurman Blumer
|
0-0: Ball 1-0: Called Strike 1-1: Foul Ball, location: 2F 1-2: Ground out 6-3 (Groundball, 56)
|
Bottom of the 5th over - 0 run(s), 1 hit(s), 0 error(s), 3 left on base; Belvedere Park 4 - Atlantic City 3 |
TOP OF THE 6TH |
Belvedere Park Rawhides batting - Pitching for Atlantic City Sonics : RHP José Cabrera
|
Batting: LHB Dan O'Day
|
0-0: Ball 1-0: Called Strike 1-1: Ball 2-1: Fly out, F4 (Line Drive, 4)
|
Batting: RHB Charles Rowell
|
0-0: Called Strike 0-1: Ball 1-1: Ball 2-1: Swinging Strike 2-2: Foul Ball, location: 2F 2-2: Single, Error in OF, E7, batter to second base
|
Batting: RHB Marshall Lamar
|
0-0: Called Strike 0-1: Ball 1-1: Called Strike 1-2: Foul Ball, location: 2F 1-2: Foul Ball, location: 2F 1-2: Strikes out looking
|
Pitching: LHP Rob Smith
|
|
Batting: SHB Eduardo Pampin
|
0-0: Ball 1-0: Called Strike 1-1: Ball 2-1: Called Strike 2-2: Ball 3-2: Base on Balls
|
Batting: LHB José Pérez
|
0-0: Ball 1-0: DOUBLE (Groundball, 3L) Charles Rowell scores Eduardo Pampin to third Runner from 3rd tries for Home, throw and OUT!
|
Top of the 6th over - 1 run(s), 2 hit(s), 1 error(s), 1 left on base; Belvedere Park 5 - Atlantic City 3 |
BOTTOM OF THE 6TH |
Atlantic City Sonics batting - Pitching for Belvedere Park Rawhides : LHP Antenor Elizalde
|
Batting: RHB Julián García
|
0-0: Foul Ball, location: 2F 0-1: Foul Ball, location: 2F 0-2: Foul Ball, location: 2F 0-2: Ball 1-2: Foul Ball, location: 2F 1-2: Fly out, F7 (Line Drive, 78XD)
|
Batting: RHB Senior Pond
|
0-0: Called Strike 0-1: Ball 1-1: Fly out, F9 (Flyball, 9LS)
|
Batting: RHB Damon Grinter
|
0-0: Ball 1-0: Ground out 5-3 (Groundball, 56S)
|
Bottom of the 6th over - 0 run(s), 0 hit(s), 0 error(s), 0 left on base; Belvedere Park 5 - Atlantic City 3 |
TOP OF THE 7TH |
Belvedere Park Rawhides batting - Pitching for Atlantic City Sonics : LHP Rob Smith
|
Batting: RHB Scott Robertson
|
0-0: Fly out, F9 (Flyball, 9)
|
Batting: RHB José Pérez
|
0-0: Called Strike 0-1: SINGLE (Groundball, 4D)
|
Batting: RHB Kenny Fleming
|
0-0: Called Strike 0-1: Ball 1-1: Fly out, F8 (Flyball, 89XD)
|
Batting: RHB Warren Willis
|
0-0: Called Strike 0-1: Foul Ball, location: 2F 0-2: Strikes out swinging
|
Top of the 7th over - 0 run(s), 1 hit(s), 0 error(s), 1 left on base; Belvedere Park 5 - Atlantic City 3 |
BOTTOM OF THE 7TH |
Atlantic City Sonics batting - Pitching for Belvedere Park Rawhides : LHP Antenor Elizalde
|
Batting: SHB Phil Moore
|
0-0: Ball 1-0: Foul Ball, location: 2F 1-1: Swinging Strike 1-2: Ground out U3 (Groundball, 34)
|
Pitching: RHP Jason Zeitler
|
|
Batting: RHB José López
|
0-0: Swinging Strike 0-1: Ball 1-1: Swinging Strike 1-2: Ball 2-2: Foul Ball, location: 2F 2-2: Fly out, F8 (Line Drive, 8LM)
|
Batting: RHB Cristián Alfonso
|
0-0: Foul Ball, location: 2F 0-1: Swinging Strike 0-2: Strikes out looking
|
Bottom of the 7th over - 0 run(s), 0 hit(s), 0 error(s), 0 left on base; Belvedere Park 5 - Atlantic City 3 |
TOP OF THE 8TH |
Belvedere Park Rawhides batting - Pitching for Atlantic City Sonics : LHP Rob Smith
|
Batting: LHB Dan O'Day
|
0-0: Foul Ball, location: 2F 0-1: Ball 1-1: Foul Ball, location: 2F 1-2: Ball 2-2: Strikes out swinging
|
Batting: RHB Charles Rowell
|
0-0: Ball 1-0: Swinging Strike 1-1: Ball 2-1: Ball 3-1: Base on Balls
|
Batting: RHB Marshall Lamar
|
0-0: Called Strike 0-1: Ball 1-1: Ball 2-1: Fly out, F8 (Flyball, 8LM)
|
Batting: SHB Eduardo Pampin
|
0-0: Ball 1-0: Ball 2-0: Ball 3-0: Called Strike 3-1: Ground out 1-3 (Groundball, 15S)
|
Top of the 8th over - 0 run(s), 0 hit(s), 0 error(s), 1 left on base; Belvedere Park 5 - Atlantic City 3 |
BOTTOM OF THE 8TH |
Atlantic City Sonics batting - Pitching for Belvedere Park Rawhides : RHP Jason Zeitler
|
Batting: RHB Brady Bess
|
0-0: Called Strike 0-1: Ball 1-1: Foul Ball, location: 2F 1-2: Strikes out looking
|
Batting: RHB Nelson Torez
|
0-0: Ball 1-0: Swinging Strike 1-1: Foul Ball, location: 2F 1-2: Foul Ball, location: 2F 1-2: Ball 2-2: Foul Ball, location: 2F 2-2: Ball 3-2: Base on Balls
|
Batting: RHB Thurman Blumer
|
0-0: Swinging Strike 0-1: Called Strike 0-2: Strikes out swinging
|
Batting: RHB Julián García
|
0-0: Called Strike 0-1: Ball 1-1: Ball 2-1: Foul Ball, location: 2F 2-2: Foul Ball, location: 2F 2-2: Ball 3-2: SINGLE (Groundball, 6D) Nelson Torez to second Nelson Torez to third
|
Batting: RHB Senior Pond
|
0-0: Called Strike 0-1: Swinging Strike 0-2: Strikes out swinging
|
Bottom of the 8th over - 0 run(s), 1 hit(s), 0 error(s), 2 left on base; Belvedere Park 5 - Atlantic City 3 |
TOP OF THE 9TH |
Belvedere Park Rawhides batting - Pitching for Atlantic City Sonics : LHP Rob Smith
|
Pitching: RHP Alfredo Muñóz
|
|
Batting: LHB José Pérez
|
0-0: Called Strike 0-1: Ball 1-1: Foul Ball, location: 2F 1-2: Ground out 4-3 (Groundball, 4)
|
Batting: RHB Scott Robertson
|
0-0: Ball 1-0: Ball 2-0: Foul Ball, location: 2F 2-1: Foul Ball, location: 2F 2-2: Foul Ball, location: 2F 2-2: Ball 3-2: Ground out 4-3 (Groundball, 4MS)
|
Batting: RHB José Pérez
|
0-0: Called Strike 0-1: Ground out 6-3 (Groundball, 6D)
|
Top of the 9th over - 0 run(s), 0 hit(s), 0 error(s), 0 left on base; Belvedere Park 5 - Atlantic City 3 |
BOTTOM OF THE 9TH |
Atlantic City Sonics batting - Pitching for Belvedere Park Rawhides : RHP Jason Zeitler
|
Pitching: RHP Arturio Sandolva
|
|
Batting: RHB Damon Grinter
|
0-0: Ball 1-0: Ball 2-0: Ball 3-0: Called Strike 3-1: Base on Balls
|
Batting: SHB Phil Moore
|
0-0: Grounds into double play, 6-4-3 (Groundball, 6)
|
Batting: RHB José López
|
0-0: Called Strike 0-1: SINGLE (Line Drive, 7LM)
|
Pinch Hitting: LHB Russ Hanneman
|
0-0: Ball 1-0: Ball 2-0: Ball 3-0: Called Strike 3-1: Ground out U3 (Groundball, 3)
|
Bottom of the 9th over - 0 run(s), 1 hit(s), 0 error(s), 1 left on base; Belvedere Park 5 - Atlantic City 3 |
|